AoeStats
← Launger

Oasis

510152884Analyzed
4v4 RM · 4d ago on Sep 29, 2026· 54m 14s· 8 players
Game mode
Random Map
Map size
Large (8 player)
Population
200
Speed
Normal
Resources
Standard
Victory
Conquest
Starting age
Dark Age
Ending age
Imperial Age
RankedLock teamsTeams togetherTeam positionsShared explorationLock speedFull tech treeHidden civsTurbo modeCheats
Victory
Defeat
🇨🇳 Varangians · China
1291
+13
🇹🇼 Danes · Taiwan
1231
+15
🇨🇳 Tupi · China
1198
+17
🇺🇸 Saracens · United States
1255
-16
🇲🇽 Hindustanis · Mexico
1222
-15
🇵🇱 Vietnamese · Poland
1210
-15
🇲🇽 Varangians · Mexico
1182
-13
700w
3:22 Loom
11:36 Feudal Age
17:28 Castle Age
16:23 Double-Bit Axe
18:50 Arson
25:24 Horse Collar
27:45 Scale Mail Armor
29:56 Chain Mail Armor
30:29 Forging
34:43 Wheelbarrow
37:15 Imperial Age
36:04 Iron Casting
35:42 Bow Saw
35:35 Heavy Plow
37:44 Hand Cart
38:24 Gold Mining
39:40 Plate Mail Armor
39:11 Pikeman
42:17 Blast Furnace
41:07 Fletching
41:51 Halberdier
42:33 Squires
42:33 Fletching
44:16 Elite Skirmisher
47:27 Gold Shaft Mining
46:42 Stone Mining
47:27 Gold Shaft Mining
46:42 Stone Mining
46:50 Bodkin Arrow
46:56 Padded Archer Armor
47:32 Thumb Ring
51:12 Gold Shaft Mining
51:12 Stone Shaft Mining
51:59 Conscription
51:03 Hamask
53:08 Town Watch
53:28 Bracer
2987052186
7:10 Loom
9:23 Feudal Age
10:26 Double-Bit Axe
12:06 Horse Collar
13:23 Bloodlines
14:21 Scale Barding Armor
24:43 Castle Age
26:10 Forging
27:31 Chain Barding Armor
28:31 Gold Mining
28:47 Heavy Plow
29:01 Bow Saw
30:01 Wheelbarrow
30:17 Iron Casting
41:52 Imperial Age
39:33 Vendel Legacy
42:07 Cavalier
46:09 Plate Barding Armor
47:10 Blast Furnace
47:46 Hand Cart
46:59 Light Cavalry
47:40 Husbandry
48:34 Hussar
49:59 Caravan
52:54 Scale Mail Armor
16岁少女在公交车上被11个大汉轮流让座
9:37 Feudal Age
9:53 Loom
9:56 Loom
12:13 Double-Bit Axe
15:51 Gold Mining
16:54 Fletching
20:06 Padded Archer Armor
26:21 Castle Age
25:07 Horse Collar
27:04 Bodkin Arrow
26:33 Crossbowman
27:37 Bow Saw
28:03 Gold Shaft Mining
27:29 Heavy Plow
29:21 Ballistics
29:25 Thumb Ring
31:25 Leather Archer Armor
39:10 Imperial Age
37:30 Wheelbarrow
37:59 Caravan
38:24 Stone Mining
38:23 Town Watch
38:35 Elite Skirmisher
39:54 Arbalester
41:39 Bracer
44:01 Chemistry
43:07 Siege Engineers
45:40 Hand Cart
47:21 Two-Man Saw
48:06 Conscription
48:24 Hoardings
48:26 Ring Archer Armor
1361331795
0:31 Loom
10:37 Feudal Age
16:27 Castle Age
17:09 Horse Collar
25:55 Double-Bit Axe
26:50 Wheelbarrow
26:23 Fletching
26:33 Padded Archer Armor
27:04 Bow Saw
26:57 Heavy Plow
27:27 Gold Mining
28:18 Hand Cart
31:26 Imperial Age
30:29 Stone Mining
31:23 Caravan
32:53 Conscription
32:39 Curare
34:24 Two-Man Saw
34:16 Gold Shaft Mining
33:04 Elite Blackwood Archer
34:47 Squires
35:31 Bodkin Arrow
35:52 Leather Archer Armor
37:14 Ballistics
37:55 Chemistry
36:56 Bracer
37:11 Leather Archer Armor
41:32 Champi Runner
41:58 Arson
42:27 Forging
42:18 Scale Mail Armor
42:50 Ring Archer Armor
42:06 Champi Warrior
43:00 Elite Champi Warrior
44:27 Iron Casting
44:07 Chain Mail Armor
51:59 Pikeman
52:55 Halberdier
victor_mv7
5:18 Loom
11:16 Feudal Age
12:45 Double-Bit Axe
12:57 Horse Collar
15:51 Castle Age
16:51 Bow Saw
18:42 Gold Mining
20:27 Heavy Plow
23:38 Stone Mining
24:48 Wheelbarrow
26:20 Caravan
27:45 Scale Barding Armor
27:51 Forging
27:52 Husbandry
28:03 Bloodlines
31:22 Iron Casting
32:12 Hand Cart
32:02 Vendel Legacy
34:01 Chain Barding Armor
38:02 Imperial Age
36:44 Treadmill Crane
39:12 Conscription
38:17 Cavalier
40:06 Chemistry
38:40 Heavy Scorpion
40:43 Two-Man Saw
39:24 Elite Skirmisher
41:17 Plate Barding Armor
41:43 Blast Furnace
41:32 Imperial Skirmisher
43:13 Ballistics
44:45 Elite Varangian Guard
45:27 Scale Mail Armor
46:17 Squires
46:04 Gambesons
48:13 Arson
48:51 Light Cavalry
49:59 Chain Mail Armor
49:36 Fletching
49:46 Padded Archer Armor
50:44 Pikeman
52:40 Bodkin Arrow
Caronte
3:44 Loom
9:38 Feudal Age
13:26 Forging
22:19 Castle Age
20:32 Double-Bit Axe
21:25 Scale Barding Armor
25:54 Horse Collar
27:26 Iron Casting
28:00 Husbandry
30:05 Chain Barding Armor
31:55 Heavy Plow
34:42 Wheelbarrow
35:42 Fletching
38:49 Imperial Age
38:35 Scale Mail Armor
38:04 Light Cavalry
39:03 Bow Saw
39:49 Chain Mail Armor
42:09 Heavy Camel Rider
43:00 Bloodlines
46:21 Hand Cart
48:24 Gold Mining
48:24 Stone Mining
51:02 Imperial Camel Rider
51:25 Hussar
Meesh
6:57 Loom
9:45 Feudal Age
15:41 Fletching
19:30 Double-Bit Axe
19:38 Horse Collar
21:09 Padded Archer Armor
26:00 Castle Age
25:05 Gold Mining
26:18 Crossbowman
26:54 Bodkin Arrow
27:22 Leather Archer Armor
28:22 Wheelbarrow
28:44 Bow Saw
31:38 Heavy Plow
32:58 Stone Mining
34:57 Ballistics
39:12 Imperial Age
36:56 Thumb Ring
38:10 Gold Shaft Mining
39:38 Arbalester
40:20 Bracer
42:00 Ring Archer Armor
42:43 Chemistry
44:13 Hand Cart
43:27 Elite Skirmisher
Launger
7:57 Loom
10:25 Feudal Age
16:22 Castle Age
14:54 Double-Bit Axe
19:49 Bow Saw
23:54 Wheelbarrow
26:47 Crossbowman
27:20 Fletching
27:30 Padded Archer Armor
29:06 Bodkin Arrow
29:27 Leather Archer Armor
31:22 Elite Skirmisher
32:09 Thumb Ring
32:48 Hand Cart
33:00 Ballistics
35:46 Imperial Age
33:37 Scale Barding Armor
33:42 Forging
34:43 Fortified Wall
34:28 Murder Holes
34:44 Masonry
34:26 Town Watch
34:48 Gold Mining
34:50 Stone Mining
36:35 Bracer
37:38 Chemistry
36:44 Siege Engineers
37:42 Ring Archer Armor
37:33 Chain Barding Armor
37:01 Arbalester
37:02 Imperial Skirmisher
39:16 Stone Shaft Mining
38:14 Onager
40:09 Plate Barding Armor
45:54 Elite Rattan Archer
46:59 Paper Money
46:39 Chatras
48:33 Elite Battle Elephant
49:25 Bloodlines
49:57 Iron Casting
49:23 Scale Mail Armor
49:48 Husbandry
Connection lost

Rejoining the realm…

Still unreachable

The connection could not be restored.

Session expired

The server has moved on; the page needs a fresh start.